 Dungeon Crawl Stone Soup version 0.27-a0-1500-g450c7e4133 (webtiles) character file.

Game seed: 4110847353785796228

1643 dolemite99 the Carver (level 8, -1/70 HPs)
             Began as a Minotaur Monk on July 8, 2021.
             Was a Priest of Dithmenos.
             Slain by a killer bee (2 damage)
             ... on level 7 of the Dungeon.
             The game lasted 00:06:07 (7256 turns).

dolemite99 the Carver (Minotaur Monk)               Turns: 7256, Time: 00:06:07

Health: -1/70      AC: 14    Str: 18    XL:     8   Next: 67%
Magic:  7/7        EV:  1    Int:  7    God:    Dithmenos [***...]
Gold:   483        SH:  0    Dex: 13    Spells: 7/7 levels left

rFire    + . .     SeeInvis .   a - +0 falchion
rCold    + . .     Faith    .   (no shield)
rNeg     . . .     Spirit   .   A - +0 crystal plate armour
rPois    .         Reflect  .   (helmet restricted)
rElec    .         Harm     .   w - scarf {rC+ rF+}
rCorr    .         Rampage  .   (no gloves)
Will     .....                  (no boots)
Stlth    ..........             (no amulet)
HPRegen  0.21/turn              (no ring)
MPRegen  0.10/turn              (no ring)

@: lethally poisoned (-1 -> -14), wreathed by umbra
A: horns 2, retaliatory headbutt
a: Renounce Religion, Shadow Step


You were on level 7 of the Dungeon.
You worshipped Dithmenos.
Dithmenos was most pleased with you.
You visited 1 branch of the dungeon, and saw 7 of its levels.

You collected 483 gold pieces.

Inventory:

Hand Weapons
 a - a +0 falchion (weapon)
 b - a +0 shortbow
Missiles
 c - 59 sling bullets
 e - 110 stones (quivered)
 h - 12 poisoned darts
 l - 32 bolts
 n - 125 arrows
Armour
 d - a +1 leather armour
 t - a scarf of shadows
 w - a scarf of resistance (worn)
 A - a +0 crystal plate armour (worn)
Magical Staves
 m - a staff of cold
Jewellery
 g - a ring of resist corrosion
Wands
 q - a wand of acid (7)
 s - a wand of paralysis (6)
Scrolls
 i - a scroll of fear
 j - a scroll of immolation {unknown}
 k - 2 scrolls of teleportation
 o - a scroll of brand weapon {unknown}
 p - a scroll of magic mapping {unknown}
 y - a scroll of identify {@r1}
 z - a scroll of enchant armour
Potions
 f - 2 potions of lignification
 r - a potion of brilliance
 v - a potion of curing {unknown}
 x - a potion of invisibility {unknown}
 B - 2 potions of cancellation {unknown}


   Skills:
 - Level 6.1 Fighting
 + Level 10.9 Long Blades
 - Level 3.2 Dodging
 - Level 1.5 Stealth
 - Level 4.6 Evocations


You had 7 spell levels left.
You didn't know any spells.
Your spell library contained the following spells:

 Spells                   Type           Power      Damage    Failure   Level
 Beastly Appendage        Tmut           0%         N/A       100%        1
 Slow                     Hex            0%         N/A       100%        2
 Confusing Touch          Hex            0%         N/A       100%        3
 Conjure Flame            Conj/Fire      0%         6-21      100%        3
 Dazzling Flash           Conj/Hex       0%         N/A       100%        3
 Inner Flame              Hex/Fire       0%         N/A       100%        3
 Stone Arrow              Conj/Erth      0%         3d7       100%        3
 Cause Fear               Hex            0%         N/A       100%        4
 Iskenderun's Mystic Bla  Conj/Tloc      0%         2d3       100%        4
 Blade Hands              Tmut           0%         N/A       100%        5
 Lee's Rapid Deconstruct  Erth           0%         3d5*      100%        5
 Yara's Violent Unravell  Hex/Tmut       0%         3d3       100%        5
 Starburst                Conj/Fire      0%         8x6d3     100%        6
 Statue Form              Tmut/Erth      0%         N/A       100%        6
 Discord                  Hex            0%         N/A       100%        8
 Lehudib's Crystal Spear  Conj/Erth      0%         10d2      100%        8


Dungeon Overview and Level Annotations

Branches:
Dungeon (6/15)
 Temple: D:4-7

Altars:
Dithmenos
Fedhas
Okawaru
Qazlal
Vehumet
Wu Jian
The Shining One


Innate Abilities, Weirdness & Mutations

You have a pair of horns on your head.
You reflexively headbutt those who attack you in melee.


Message History

You miss the killer bee. Your headbutt misses the killer bee.
The killer bee is almost dead.
You feel sick.
The killer bee stings you but does no damage. x2
You miss the killer bee.
The killer bee is severely wounded.
You feel sick.
The killer bee stings you but does no damage.
You barely miss the killer bee.
The killer bee is severely wounded.
You feel sick.
The killer bee stings you but does no damage.
The killer bee stings you.
You are more poisoned.
The killer bee poisons you!
You hit the killer bee.
The killer bee is almost dead.
You feel sick. The killer bee stings you.
* * * LOW HITPOINT WARNING * * *
You miss the killer bee.
The killer bee is almost dead.
You feel very sick. The killer bee stings you.
* * * LOW HITPOINT WARNING * * *
The killer bee stings you.
* * * LOW HITPOINT WARNING * * *
You are more poisoned.
The killer bee poisons you!
You closely miss the killer bee. Your headbutt misses the killer bee.
The killer bee is almost dead.
* * * LOW HITPOINT WARNING * * *
You feel very sick.
The killer bee stings you but does no damage.
You hit the killer bee.
You kill the killer bee!
Dithmenos accepts your kill.
* * * LOW HITPOINT WARNING * * *
You feel very sick. The killer bee stings you.
You die...

##############
#.............
#.#....#......
##.####.#..:!..#
#..)......y..$.#
######F#......#
#y#..y...#
#@#####..# #.#
.F# #.. ....
.... ..... ###..
.< .#. # .#.. #
##


You could see a bullfrog and a killer bee.

Vanquished Creatures
  3 water moccasins
  A black bear (D:6)
  An ice beast (D:6)
  An ogre (D:6)
  2 centaurs
  A bullfrog (D:6)
  A scorpion (D:6)
  A water moccasin zombie (D:6)
  A water moccasin skeleton (D:4)
  4 killer bees (D:7)
  A bullfrog zombie (D:5)
  2 centaur zombies
  A jelly (D:6)
  A hound (D:5)
  3 bullfrog skeletons
  2 iguanas (D:6)
  A scorpion zombie (D:5)
  2 hound skeletons (D:5)
  5 gnolls
  A howler monkey skeleton (D:4)
  5 adders
  A shadow imp (D:6)
  A worm (D:2)
  6 dart slugs
  10 orcs
  6 bats
  8 endoplasms
  4 giant cockroaches
  7 goblins
  9 hobgoblins
  3 jackals (D:4)
  2 quokkas
  5 ball pythons
  2 frilled lizards
  5 kobolds
  4 rats
113 creatures vanquished.

Notes
Turn   | Place    | Note
-------+----------+-------------------------------------------
     0 | D:1      | dolemite99 the Minotaur Monk began the quest for the Orb.
     0 | D:1      | Reached XP level 1. HP: 19/19 MP: 0/0
   160 | D:1      | Reached skill level 4 in Long Blades
   411 | D:1      | Reached XP level 2. HP: 26/26 MP: 1/1
  1206 | D:2      | Reached skill level 5 in Long Blades
  1231 | D:2      | Reached XP level 3. HP: 25/31 MP: 2/2
  2098 | D:3      | Reached XP level 4. HP: 35/39 MP: 3/3
  2100 | D:3      | Reached skill level 6 in Long Blades
  2412 | D:3      | Found a shadowy altar of Dithmenos.
  2713 | D:3      | Became a worshipper of Dithmenos the Shadowed
  2713 | D:3      | Reached * piety under Dithmenos
  2713 | D:3      | Reached ** piety under Dithmenos
  2814 | D:4      | Reached skill level 7 in Long Blades
  2814 | D:4      | Reached XP level 5. HP: 45/45 MP: 4/4
  2897 | D:4      | Found a glowing golden altar of the Shining One.
  3174 | D:4      | Found a blossoming altar of Fedhas.
  3284 | D:4      | Reached skill level 8 in Long Blades
  3356 | D:4      | Got the Disquisition on the Mutagenic Blaze
  3577 | D:5      | Entered Level 5 of the Dungeon
  3585 | D:5      | Reached XP level 6. HP: 48/51 MP: 5/5
  3634 | D:5      | Found a radiant altar of Vehumet.
  3714 | D:5      | Noticed a water moccasin
  3724 | D:5      | Killed a water moccasin
  4414 | D:5      | Reached XP level 7. HP: 30/57 MP: 6/6
  5000 | D:5      | Found an ornate altar of the Wu Jian Council.
  5022 | D:6      | Found an iron altar of Okawaru.
  5042 | D:6      | Got the Collected Works on Stones
  5236 | D:6      | Found a stormy altar of Qazlal.
  5491 | D:6      | Reached skill level 5 in Fighting
  6002 | D:6      | Reached XP level 8. HP: 61/70 MP: 7/7
  6074 | D:6      | Reached skill level 9 in Long Blades
  6497 | D:6      | Reached *** piety under Dithmenos
  6902 | D:6      | Reached skill level 10 in Long Blades
  7213 | D:6      | Noticed a troll
  7214 | D:6      | You fall into a shaft and drop 1 floor!
  7256 | D:7      | HP: 1/70 [poisoned by a killer bee]
  7256 | D:7      | Slain by a killer bee

Illustrated notes

Levels and vault maps discovered:
D:1:      nicolae_arrival_memento_mori, layout_basic
D:2:      minmay_diamond_boxcup, layout_rooms, st_stairs_8
D:3:      layout_rooms, mainiacjoe_overflow_surrounded_room
D:4:      layout_basic, marbit_many_paths, lemuel_crystal_altar,
          nrook_loot_triangle, grunt_ministairs_1
D:5:      layout_rooms, mainiacjoe_overflow_small_starburst,
          mainiacjoe_overflow_brackets
D:6:      minmay_polygon_palace, layout_loops_corners,
          mainiacjoe_overflow_chevrons, mainiacjoe_overflow_six_doors_small,
          dk_noncrumbling_4, uniq_sigmund
D:7:      layout_basic, mainiacjoe_overflow_cross_hatched,
          minmay_temple_entry_poolview

Skill      XL: |  1  2  3  4  5  6  7  8 |
---------------+-------------------------+-----
Long Blades    | 4 5 7 8 10 | 10.9
Evocations     | 3 4 |  4.6
Fighting       | 6 |  6.1
Dodging        | |  3.2
Stealth        | |  1.5

Action                   |  1- 3 |  4- 6 |  7- 9 || total
-------------------------+-------+-------+-------++-------
Melee: Falchion          |    78 |   113 |   158 ||   349
       Headbutt          |    15 |    25 |    31 ||    71
 Fire: Shortbow          |       |       |    12 ||    12
Throw: Stone             |    71 |    53 |     4 ||   128
  Use: Scroll            |       |     4 |     2 ||     6
       Potion            |       |       |     2 ||     2
 Stab: Sleeping          |     3 |       |     1 ||     4
Armor: Robe              |     1 |       |       ||     1
       Leather armour    |    12 |    25 |     7 ||    44
       Crystal plate arm |       |       |   117 ||   117
       Skin              |       |       |    16 ||    16
Dodge: Dodged            |    58 |    94 |    43 ||   195
       Rpst.: Falchion   |    19 |    21 |     4 ||    44

Table legend: (Time is in decaauts)
 A = Elapsed time spent in this place.
 B = Non-inter-level travel time spent in this place.
 C = Inter-level travel time spent in this place.
 D = Time resting spent in this place.
 E = Time spent auto-exploring this place.
 F = Levels seen in this place.
 G = Mean time per level.
                   A        B        C        D        E       F      G
               +--------+--------+--------+--------+--------+-----+--------+
         Total |   7238 |   7028 |    210 |   2460 |   3282 |   7 | 1034.0 |
       Dungeon |   7238 |   7028 |    210 |   2460 |   3282 |   7 | 1034.0 |
               +--------+--------+--------+--------+--------+-----+--------+

Top non-repeatable levels by time:
     D:6: 2174 daAuts
     D:4: 1559 daAuts
     D:1: 997 daAuts
     D:2: 978 daAuts
     D:3: 781 daAuts
     D:5: 711 daAuts
     D:7: 35 daAuts
